 Dungeon Crawl Stone Soup version 0.28.0-49-g6dfe1f597d (webtiles) character file.

Game seed: 8862961610039327569

1762 Peloso the Carver (level 8, -2/71 HPs)
             Began as a Minotaur Fighter on May 14, 2022.
             Slain by a vampire (5 damage)
             ... on level 6 of the Dungeon.
             The game lasted 00:09:45 (6567 turns).

Peloso the Carver (Minotaur Fighter)                Turns: 6567, Time: 00:09:46

Health: -2/71      AC: 12    Str: 34    XL:     8   Next: 79%
Magic:  7/7        EV:  8    Int:  5    God:
Gold:   299        SH:  9    Dex: 11    Spells: 7/7 levels left

rFire   . . .      SeeInvis .   a - +0 long sword
rCold   . . .      Faith    .   d - +0 kite shield
rNeg    . . .      Spirit   .   n - +0 chain mail
rPois   .          Reflect  .   (helmet restricted)
rElec   .          Harm     .   (no cloak)
rCorr   .          Rampage  .   h - +0 pair of gloves
Will    .....                   (no boots)
Stlth   ..........              (no amulet)
HPRegen 0.21/turn               l - +6 ring of strength
MPRegen 0.10/turn               u - +6 ring of strength

@: no status effects
A: horns 2, retaliatory headbutt
a: no special abilities


You were on level 6 of the Dungeon.
You visited 1 branch of the dungeon, and saw 6 of its levels.

You collected 299 gold pieces.

Inventory:

Hand Weapons
 a - a +0 long sword (weapon)
 b - a +3 hand axe of electrocution
Armour
 c - a +0 buckler
 d - a +0 kite shield (worn)
 h - a +0 pair of gloves (worn)
 n - a +0 chain mail (worn)
Jewellery
 l - a +6 ring of strength (left hand)
 u - a +6 ring of strength (right hand)
 w - a ring of protection from cold
Wands
 m - a wand of flame (16)
 x - a wand of polymorph (12)
Scrolls
 f - 3 scrolls of immolation
 i - a scroll of fear
 j - a scroll of magic mapping
 k - a scroll of identify
 o - 2 scrolls of teleportation
 p - a scroll of summoning {unknown}
 r - 2 scrolls of noise {unknown}
 s - a scroll of blinking {unknown}
 t - a scroll of enchant armour {unknown}
 v - 2 scrolls of silence {unknown}
Potions
 e - 2 potions of might
 g - a potion of curing
 q - 2 potions of invisibility
 z - a potion of cancellation
 A - 2 potions of brilliance


   Skills:
 + Level 6.6 Fighting
 + Level 8.1 Long Blades
 + Level 7.6 Armour
 + Level 2.2 Dodging
 + Level 1.0 Stealth
 + Level 6.9 Shields
 + Level 0.5 Evocations


You had 7 spell levels left.
You didn't know any spells.
Your spell library contained the following spells:

 Spells                   Type           Power      Damage    Failure   Level
 Apportation              Tloc           0%         N/A       99%         1
 Stone Arrow              Conj/Erth      0%         3d7       100%        3
 Animate Armour           Summ/Erth      0%         N/A       100%        4
 Alistair's Intoxication  Tmut/Pois      0%         N/A       100%        5
 Lehudib's Crystal Spear  Conj/Erth      0%         10d2      100%        8


Dungeon Overview and Level Annotations

Branches:
Dungeon (6/15)
 Temple: D:4-7

Altars:
Cheibriados
Dithmenos
Fedhas
Qazlal
Sif Muna
Trog
Uskayaw
Vehumet
Zin

Portals:
Abyss: D:3

Annotations:
D:3 2 transporters, Gabide's ghost, amateur HuMo


Innate Abilities, Weirdness & Mutations

You have a pair of horns on your head.
You reflexively headbutt those who attack you in melee.


Message History

You are confused.
The vampire points at you and mumbles some strange words.
You are more confused.
The vampire hits you but does no damage.
The vampire bites you!
The vampire draws strength from your injuries!
You barely miss the vampire. The vampire hits you! The vampire bites you.
The vampire draws strength from your injuries!
You hit the vampire.
The vampire is lightly damaged.
The vampire barely misses you. The vampire closely misses you.
The vampire hits you! The vampire bites you.
The vampire draws strength from your injuries!
The vampire hits you but does no damage.
The vampire bites you!
The vampire draws strength from your injuries!
The vampire hits you but does no damage.
The vampire bites you!
The vampire draws strength from your injuries!
The vampire hits you but does no damage.
The vampire bites you but does no damage.
You hit the vampire but do no damage. The vampire hits you!
* * * LOW HITPOINT WARNING * * *
The vampire bites you.
* * * LOW HITPOINT WARNING * * *
The vampire draws strength from your injuries!
You hit the vampire.
The vampire is lightly damaged.
You feel less confused. The vampire casts a spell at you.
You resist with some effort.
You hit the vampire.
The vampire is lightly damaged.
The vampire hits you!
* * * LOW HITPOINT WARNING * * *
The vampire bites you!
* * * LOW HITPOINT WARNING * * *
The vampire draws strength from your injuries!
The vampire hits you.
You die...

######### ####
#.......#########...
#.......#.>..#..#...
#.......#....#..#...
#.......#....#<.#...
#.V.....#....#..+...
#..@....#....'..#...
####.......###.###.....
...........#####.########
...........#........#
...........'..).....#
..........)#........#
#######...)#........#
#...)#######.#### #
#......#####.#..#..


You could see a vampire.

Vanquished Creatures
  A steam dragon (D:6)
  Menkaure (D:4)
  An orc warrior (D:6)
  2 black bears
  An ogre (D:4)
  A necrophage (D:6)
  A bullfrog (D:6)
  3 scorpions (D:5)
  2 electric eels (D:6)
  A centaur zombie (D:6)
  2 bullfrog skeletons
  An orc priest (D:6)
  7 hounds
  2 jellies (D:5)
  Jessica (D:3)
  Terence (D:3)
  An iguana (D:4)
  2 orc wizards
  A hound skeleton (D:5)
  3 gnolls (D:6)
  12 adders
  A shadow imp (D:6)
  A worm (D:3)
  4 dart slugs
  17 orcs
  4 endoplasms
  4 giant cockroaches
  2 goblins
  8 hobgoblins
  3 jackals (D:5)
  3 quokkas
  2 ball pythons
  2 bats
  5 frilled lizards
  2 rats
105 creatures vanquished.

Notes
Turn   | Place    | Note
-------+----------+-------------------------------------------
     0 | D:1      | Peloso the Minotaur Fighter began the quest for the Orb.
     0 | D:1      | Reached XP level 1. HP: 19/19 MP: 0/0
   293 | D:1      | Reached XP level 2. HP: 27/27 MP: 1/1
   395 | D:2      | Found a faded altar of an unknown god.
   832 | D:2      | Reached XP level 3. HP: 33/34 MP: 2/2
  1231 | D:3      | Found a snail-covered altar of Cheibriados.
  1374 | D:3      | Found a transporter.
  1386 | D:3      | Noticed a small abomination
  1388 | D:3      | Noticed Gabide's ghost (amateur HuMo)
  1591 | D:3      | Reached skill level 3 in Long Blades
  1591 | D:3      | Reached XP level 4. HP: 29/41 MP: 3/3
  2219 | D:3      | Found a one-way gate to the infinite horrors of the Abyss.
  2237 | D:3      | Found a transporter.
  2631 | D:3      | Found a shimmering blue altar of Sif Muna.
  2631 | D:3      | Noticed Jessica
  2638 | D:3      | Killed Jessica
  2651 | D:3      | Got Sif Muna's Reference Book on Orientation
  2655 | D:3      | Noticed Terence
  2656 | D:3      | Found a bloodstained altar of Trog.
  2661 | D:3      | Killed Terence
  2662 | D:3      | Reached XP level 5. HP: 40/47 MP: 4/4
  2888 | D:3      | Reached skill level 5 in Armour
  3025 | D:4      | Noticed an ogre
  3044 | D:4      | Killed an ogre
  3045 | D:4      | Reached skill level 5 in Fighting
  3045 | D:4      | Reached skill level 4 in Long Blades
  3045 | D:4      | Reached skill level 1 in Dodging
  3045 | D:4      | Reached XP level 6. HP: 56/56 MP: 5/5
  3075 | D:4      | Reached skill level 5 in Shields
  3163 | D:4      | Found a glowing silver altar of Zin.
  3415 | D:4      | Noticed Menkaure
  3654 | D:4      | Killed Menkaure
  3655 | D:4      | Reached XP level 7. HP: 38/61 MP: 6/6
  3838 | D:4      | Reached skill level 5 in Long Blades
  3941 | D:5      | Entered Level 5 of the Dungeon
  3977 | D:5      | Found a radiant altar of Vehumet.
  4086 | D:5      | Found a hide-covered altar of Uskayaw.
  4130 | D:5      | Found a stormy altar of Qazlal.
  4241 | D:5      | Reached skill level 6 in Long Blades
  4491 | D:5      | Reached skill level 1 in Stealth
  4491 | D:5      | Reached XP level 8. HP: 69/69 MP: 7/7
  5062 | D:6      | Reached skill level 7 in Long Blades
  5837 | D:6      | Found a shadowy altar of Dithmenos.
  5840 | D:6      | Found a blossoming altar of Fedhas.
  6132 | D:6      | Reached skill level 8 in Long Blades
  6567 | D:6      | HP: 3/71 [vampire (8)]
  6567 | D:6      | Slain by a vampire

Illustrated notes

Levels and vault maps discovered:
D:1:      sevenhm_arrival_forest_fort_small_4, layout_basic
D:2:      layout_loops_ring, nicolae_ecumenical_oubliette,
          minmay_misc_feat_secret_circle, st_stairs_8
D:3:      layout_basic, nzn_overflow_gifts_of_might_and_magic,
          nicolae_overflow_crystal_walls, gammafunk_ghost_abyssal_escape
D:4:      layout_basic, general_overflow_altar, uniq_menkaure
D:5:      layout_loops_cross, mainiacjoe_overflow_large_starburst,
          mainiacjoe_overflow_alcove_2
D:6:      layout_gridville, nicolae_overflow_squiral, kennysheep_potato

Skill      XL: |  1  2  3  4  5  6  7  8 |
---------------+-------------------------+-----
Armour         | 4 5 6 7 |  7.6
Fighting       | 4 5 6 |  6.6
Shields        | 4 5 6 |  6.9
Long Blades    | 3 4 6 8 |  8.1
Dodging        | 1 2 |  2.2
Stealth        | 1 |  1.0
Evocations     | |  0.5

Action                   |  1- 3 |  4- 6 |  7- 9 || total
-------------------------+-------+-------+-------++-------
Melee: Long sword        |    75 |    94 |   129 ||   298
       Headbutt          |    11 |    16 |    19 ||    46
       Hand axe          |       |     2 |       ||     2
Evoke: Wand              |       |       |     6 ||     6
  Use: Scroll            |     2 |       |     7 ||     9
       Potion            |     2 |       |     1 ||     3
Armor: Scale mail        |    38 |    16 |       ||    54
       Chain mail        |       |    43 |    87 ||   130
Dodge: Dodged            |    31 |    24 |    50 ||   105
Block: Buckler           |     4 |       |       ||     4
       Kite shield       |    25 |    49 |    75 ||   149
